 Dungeon Crawl Stone Soup version 0.24-a0-335-g06ca16a (webtiles) character file.

Game seed: 4946056791689757182

2 mhoghedin the Grave Robber (level 1, -1/13 HPs)
             Began as a Mummy Necromancer on May 18, 2019.
             Slain by a gnoll
             ... wielding a +0 flail
              (6 damage)
             ... on level 1 of the Dungeon.
             The game lasted 00:00:37 (376 turns).

mhoghedin the Grave Robber (Mummy Necromancer)       Turns: 376, Time: 00:00:38

Health: -1/13      AC:  2    Str: 11    XL:     1   Next: 33%
Magic:  0/4        EV: 12    Int: 14    God:
Gold:   21         SH:  0    Dex: 12    Spells: 4/5 levels left

rFire    x . .     SeeInvis .   (no weapon)
rCold    + . .     Gourm    .   (no shield)
rNeg     + + +     Faith    .   a - +0 robe
rPois    ∞         Spirit   .   (no helmet)
rElec    .         Reflect  .   (no cloak)
rCorr    .         Harm     .   (no gloves)
MR       .....                  (no boots)
Stlth    +.........             (no amulet)
HPRegen  0.04/turn              b - ring of attention (curse)
MPRegen  0.09/turn              (no ring)

@: no status effects
A: no food or potions, fire vulnerability, cold resistance 1, negative energy
resistance 3, torment resistance, unbreathing
a: no special abilities


You were on level 1 of the Dungeon.
You were not hungry.

You visited 1 branch of the dungeon, and saw 1 of its levels.

You collected 21 gold pieces.

Inventory:

Armour
 a - a +0 robe (worn)
Jewellery
 b - a cursed ring of attention (left hand)
   (You found it on level 1 of the Dungeon)
Scrolls
 c - a scroll of identify {unknown}


   Skills:
 + Level 1.6 Dodging
 + Level 1.6 Stealth
 + Level 2.7 Spellcasting
 + Level 4.0 Necromancy


You had 4 spell levels left.
You knew the following spells:

 Your Spells              Type           Power        Failure   Level  Hunger
a - Pain                  Necr           ##..         4%          1    N/A

Your spell library contained the following spells:

 Spells                   Type           Power        Failure   Level  Hunger
 Animate Skeleton         Necr           N/A          4%          1    N/A
 Vampiric Draining        Necr           ##........   13%         3    N/A
 Animate Dead             Necr           N/A          38%         4    N/A
 Regeneration             Chrm/Necr      Unusable     N/A         3    N/A

Dungeon Overview and Level Annotations

Branches:
Dungeon (1/15)

Altars:


Innate Abilities, Weirdness & Mutations

You do not eat or drink.
Your flesh is vulnerable to fire.
You are immune to poison.
Your flesh is cold resistant. (rC+)
You are immune to negative energy. (rN+++)
You are immune to unholy pain and torment.
You can survive without breathing.


Message History

Welcome, mhoghedin the Mummy Necromancer.
The bosom of this dungeon contains the fabled artefact, the Orb of Zot.
Found a staircase leading out of the dungeon.
You start waiting.
Done waiting.
You open the door.
Found a stone staircase leading down.
There is an open door here.
Unknown command.
You open the door.
There is an open door here.
You see here a ration.
You see here a leather armour.
You see here a yellow potion.
A leopard gecko and a rat come into view.
Unknown command.
There are monsters nearby!
Unknown command.
Aim: a leopard gecko (resting, chance to defeat MR: 83%)
The leopard gecko hisses angrily.
The leopard gecko writhes in agony.
You now have 3/4 mp.
Aim: a leopard gecko (moderately wounded, chance to defeat MR: 83%)
The leopard gecko writhes in agony.
You kill the leopard gecko!
You now have 2/4 mp.
Aim: a rat (chance to defeat MR: 83%)
The rat writhes in agony.
You now have 1/4 mp.
Aim: a rat (severely wounded, chance to defeat MR: 83%)
The rat barely resists.
You now have 0/4 mp.
You don't have enough magic to cast that spell.
You don't have enough magic to cast that spell.
You completely miss the rat. The rat bites you.
You take 1 damage, and have 12/13 hp.
You hit the rat.
You kill the rat!
No target in view!
Health restored: 13
b - a ruby ring Oops, that ring feels deathly cold.
b - a cursed ring of attention (left hand)
You start resting.
MP restored: 4 You see here 5 javelins.
You now have 16 gold pieces.
c - a scroll labeled OTOBYC LUMOENG You open the door.
Found an escape hatch in the floor.
There is an open door here.
There is an escape hatch in the floor here.
You now have 21 gold pieces (gained 5).
You open the door.
There is an open door here.
You open the door.
There is an open door here.
Found a stone staircase leading down.
A gnoll comes into view. It is wielding a +0 flail.
The gnoll shouts!
You can't see any susceptible monsters within range! (Use Z to cast anyway.)
Aim: a gnoll, wielding a +0 flail (chance to defeat MR: 77%)
The gnoll barely resists.
You now have 3/4 mp.
Aim: a gnoll, wielding a +0 flail (chance to defeat MR: 77%)
You miscast Pain.
You are very lightly contaminated with residual magic.
You feel very uncomfortable.
You now have 2/4 mp.
Aim: a gnoll, wielding a +0 flail (chance to defeat MR: 77%)
The gnoll writhes in agony.
You now have 1/4 mp.
Aim: a gnoll, wielding a +0 flail (moderately wounded, chance to defeat MR: 77%)
The gnoll writhes in agony.
The gnoll hits you with a +0 flail!
Ouch! That really hurt!
You take 7 damage, and have 6/13 hp.
MASSIVE DAMAGE!!
You now have 0/4 mp.
There is a stone staircase leading down here.
Aim: a gnoll, wielding a +0 flail (severely wounded, chance to defeat MR: 77%)
The gnoll writhes in agony.
The gnoll hits you with a +0 flail.
You take 2 damage, and have 4/13 hp.
You now have 0/4 mp.
There is an open door here.
Your magical contamination has completely faded away.
Aim: a gnoll, wielding a +0 flail (severely wounded, chance to defeat MR: 77%)
The gnoll barely resists.
You now have 0/4 mp.
The gnoll hits you with a +0 flail.
You die...

# #.... # #... # #.. # #.####+##
####........ ..........#
############## #.#########
########.............
##'......####...g..'#............
##........##....@...#.###########
##...##...##...##...#.#
##..####..##..####..#.#
##..####..##..####..#.#
##...##...##...##...#.#
##..................#.#
###........<.......##)
########..##..######
.#######..##..######


You could see a gnoll.

Vanquished Creatures
  A leopard gecko (D:1)
  A rat (D:1)
2 creatures vanquished.

Notes
Turn   | Place    | Note
-------+----------+-------------------------------------------
     0 | D:1      | mhoghedin the Mummy Necromancer began the quest for the
                  | Orb.
     0 | D:1      | Reached XP level 1. HP: 13/13 MP: 4/4
   376 | D:1      | Slain by a gnoll

Levels and vault maps discovered:
D:1:      minmay_arrival_four_loops, layout_basic

Action                   || total
-------------------------++-------
Melee: Unarmed           ||     2
 Cast: Pain              ||     9

Table legend:
 A = Non-vault XP
 B = Vault XP
 C = Vault XP percentage of total XP
 D = Non-vault monster count
 E = Vault monster count
 F = Vault count percentage of total count
                 A         B        C        D         E       F
            +---------+---------+-------+---------+---------+-------
      Total |       4 |       0 |   0.0 |       2 |       0 |   0.0
            +---------+---------+-------+---------+---------+-------
        D:1 |       4 |       0 |   0.0 |       2 |       0 |   0.0
            +---------+---------+-------+---------+---------+-------

Levels and vault maps discovered:
D:1:      minmay_arrival_four_loops, layout_basic

Table legend:
 A = Turns spent in this place as a percentage of turns spent in the entire game.
 B = Non-inter-level travel turns spent in this place as a percentage of non-inter-level travel turns spent in the entire game.
 C = Inter-level travel turns spent in this place as a percentage of turns spent in this place.
 D = Turns resting spent in this place as a percentage of non-inter-level travel turns spent in this place.
 E = Turns spent auto-exploring this place as a percentage of non-inter-level travel turns spent in this place.
 F = Non-inter-level travel turns spent in this place divided by the number of levels of this place that you've seen.
                   A       B       C       D       E      F
               +-------+-------+-------+-------+-------+----------------------
         Total | 100.0 | 100.0 |   0.0 |  34.8 |  52.1 | 376.0
       Dungeon | 100.0 | 100.0 |   0.0 |  34.8 |  52.1 | 376.0
               +-------+-------+-------+-------+-------+----------------------

Table legend:
 A = Kills in this place as a percentage of kills in entire the game.
 B = Kills by you in this place as a percentage of kills by you in the entire game.
 C = Kills by friends in this place as a percentage of kills by friends in the entire game.
 D = Other kills in this place as a percentage of other kills in the entire game.
 E = Experience gained in this place as a percentage of experience gained in the entire game.
 F = Experience gained in this place divided by the number of levels of this place that you have seen.
                   A       B       C       D       E      F
               +-------+-------+-------+-------+-------+----------------------
         Total | 100.0 | 100.0 |   N/A |   N/A | 100.0 |   4.0
       Dungeon | 100.0 | 100.0 |   N/A |   N/A | 100.0 |   4.0
               +-------+-------+-------+-------+-------+----------------------
